 Dungeon Crawl Stone Soup version 0.29.1-1-gd02db6906a (webtiles) character file.

Game seed: 12514486242932994694

1888 Iusername the Cleaver (level 8, -3/70 HPs)
             Began as a Minotaur Fighter on Oct 12, 2022.
             Was a Priest of Okawaru.
             Killed from afar by Dowan (18 damage)
             ... with a shard of ice
             ... on level 6 of the Dungeon.
             The game lasted 00:07:50 (6390 turns).

Iusername the Cleaver (Minotaur Fighter)            Turns: 6390, Time: 00:07:51

Health: -3/70      AC:  9    Str: 23    XL:     8   Next: 92%
Magic:  7/7        EV: 10    Int:  5    God:    Okawaru [***...]
Gold:   998        SH:  5    Dex: 10    Spells: 7/7 levels left

rFire   . . .      SeeInvis .   a - +0 war axe (spect)
rCold   . . .      Faith    .   c - +0 buckler
rNeg    . . .      Spirit   .   b - +0 scale mail
rPois   .          Reflect  .   (helmet restricted)
rElec   .          Harm     .   (no cloak)
rCorr   .          Rampage  .   A - +0 pair of gloves
Will    .....                   (no boots)
Stlth   ..........              (no amulet)
HPRegen 0.21/turn               (no ring)
MPRegen 0.10/turn               (no ring)

@: no status effects
A: horns 2, retaliatory headbutt
a: Renounce Religion, Heroism


You were on level 6 of the Dungeon.
You worshipped Okawaru.
Okawaru was most pleased with you.
You visited 1 branch of the dungeon, and saw 6 of its levels.
You also visited: Sewer.

You collected 998 gold pieces.

Inventory:

Hand Weapons
 a - a +0 spectral war axe (weapon)
Armour
 b - a +0 scale mail (worn)
 c - a +0 buckler (worn)
 A - a +0 pair of gloves (worn)
Wands
 h - a wand of flame (37)
 B - a wand of paralysis (7)
Scrolls
 e - a scroll of poison {unknown}
 g - a scroll of fog
 j - 3 scrolls of teleportation
 l - a scroll of enchant armour {unknown}
 r - a scroll of summoning {unknown}
 s - a scroll of magic mapping {unknown}
 t - a scroll of blinking
 u - a scroll of silence {unknown}
 w - a scroll of brand weapon
 x - 2 scrolls of enchant weapon {unknown}
 y - a scroll of fear {unknown}
 z - a scroll of amnesia {unknown}
Potions
 d - a potion of invisibility {unknown}
 f - 4 potions of magic {unknown}
 i - 4 potions of curing
 k - a potion of degeneration {unknown}
 m - 2 potions of mutation {unknown}
 n - 2 potions of lignification {unknown}
 o - 2 potions of heal wounds {unknown}
 p - 2 potions of cancellation {unknown}
 q - a potion of haste {unknown}
 v - a potion of flight {unknown}


   Skills:
 + Level 6.2 Fighting
 + Level 8.7 Axes
 + Level 8.2 Armour
 + Level 3.1 Dodging
 + Level 1.5 Stealth
 + Level 5.8 Shields


You had 7 spell levels left.
You didn't know any spells.
Your spell library contained the following spells:

 Spells                   Type           Power      Damage    Failure   Level
 Airstrike                Air            0%         2d(0-16)  100%        4
 Lightning Bolt           Conj/Air       0%         1d11      100%        5
 Summon Lightning Spire   Summ/Air       Unusable   N/A       N/A         4

Dungeon Overview and Level Annotations

Branches:
Dungeon (6/15)              Sewer (visited)
 Temple: D:4-7

Altars:
Dithmenos
Fedhas
Gozag
Okawaru
Yredelemnul

Annotations:
D:6 Dowan


Innate Abilities, Weirdness & Mutations

You have a pair of horns on your head.
You reflexively headbutt those who attack you in melee.


Message History

You are engulfed in a cloud of scalding steam.
The iguana bites you!
Things that are here:
a +0 short sword; a +0 ring mail Unknown command.
You hit the iguana. You headbutt the iguana.
The iguana is heavily wounded.
Your +0 spectral war axe barely misses the iguana.
The iguana bites you.
You hit the iguana.
You headbutt the iguana, but do no damage.
The iguana is almost dead.
Your +0 spectral war axe hits the iguana.
You kill the iguana!
Okawaru accepts your kill.
Dowan points at you and mumbles some strange words.
The stone arrow misses you.
The stone arrow hits your +0 spectral war axe!
Your spectral weapon shares its damage with you!
* * * LOW HITPOINT WARNING * * *
You swap places.
Dowan casts a spell at you. The shard of ice hits you!
* * * LOW HITPOINT WARNING * * *
You feel better. Dowan casts a spell at you. The shard of ice hits you.
* * * LOW HITPOINT WARNING * * *
Dowan hits you but does no damage.
Things that are here:
a +0 short sword; a +0 ring mail You slash Dowan!
Your headbutt misses Dowan.
Dowan is almost dead.
Your +0 spectral war axe closely misses Dowan.
Dowan casts a spell.
Dowan blinks!
Dowan barely misses you.
Dowan points at you and mumbles some strange words.
The shard of ice hits you!!
You die...

# # #### .
...############## ...
................#######....
.#..#####.......e##$.......
....#####.......@§).....#
...............#..§......#
..........................#
..###..........(..#.#####..
..................#.(. #
####..............#..#.
.........<.....#..#..# #
...........#####..##.#
.............


You could see Dowan (fast).

Vanquished Creatures
  2 steam dragons
  Duvessa (D:6)
  3 ice beasts
  A black bear (D:6)
  An ogre (D:5)
  4 kobold brigands (Sewer)
  A necrophage (D:5)
  3 scorpions (D:5)
  2 jellies
  An orc priest (D:5)
  3 hounds (D:5)
  Jessica (D:3)
  3 iguanas
  Ijyb (D:4)
  2 orc wizards
  9 adders
  3 river rats (Sewer)
  2 white imps
  An ufetubus (D:5)
  4 worms
  A dart slug (D:2)
  10 orcs
  12 endoplasms
  A giant cockroach (D:2)
  4 goblins
  7 hobgoblins
  3 jackals (D:4)
  4 quokkas (D:3)
  5 ball pythons
  4 bats
  10 kobolds
  12 rats
121 creatures vanquished.

Vanquished Creatures (others)
  A demonic plant (D:1)
1 creature vanquished.

Grand Total: 122 creatures vanquished

Notes
Turn   | Place    | Note
-------+----------+-------------------------------------------
     0 | D:1      | Iusername the Minotaur Fighter began the quest for the Orb.
     0 | D:1      | Reached XP level 1. HP: 19/19 MP: 0/0
   271 | D:1      | Reached XP level 2. HP: 26/27 MP: 1/1
   347 | D:1      | Found a faded altar of an unknown god.
   347 | D:1      | Noticed a hell beast
   461 | D:1      | You fall into a shaft and drop 1 floor!
  1047 | D:2      | Reached XP level 3. HP: 33/33 MP: 2/2
  1195 | D:3      | Found an iron altar of Okawaru.
  1236 | D:3      | Became a worshipper of Warmaster Okawaru
  1510 | D:3      | Found a glowing drain.
  1514 | Sewer    | Entered a sewer
  1702 | Sewer    | Noticed a kobold brigand
  1710 | Sewer    | Reached XP level 4. HP: 35/40 MP: 3/3
  1716 | Sewer    | Killed a kobold brigand
  1717 | Sewer    | Reached XP level 5. HP: 29/47 MP: 4/4
  1944 | Sewer    | Reached skill level 5 in Armour
  2112 | Sewer    | Reached skill level 5 in Axes
  2563 | Sewer    | Reached XP level 6. HP: 48/53 MP: 5/5
  2564 | Sewer    | Reached * piety under Okawaru
  2679 | Sewer    | Reached skill level 1 in Dodging
  3319 | D:3      | Noticed Jessica
  3322 | D:3      | Killed Jessica
  3815 | D:4      | Noticed Ijyb
  3836 | D:4      | Killed Ijyb
  3837 | D:4      | Reached skill level 5 in Fighting
  3837 | D:4      | Reached XP level 7. HP: 27/61 MP: 6/6
  4399 | D:4      | Identified a scroll of acquirement
  4399 | D:4      | Acquired 747 gold pieces
  4417 | D:5      | Entered Level 5 of the Dungeon
  4417 | D:5      | Found a basalt altar of Yredelemnul.
  4470 | D:5      | Reached ** piety under Okawaru
  4930 | D:5      | Found an opulent altar of Gozag.
  4941 | D:5      | Found a shadowy altar of Dithmenos.
  5002 | D:5      | Reached skill level 5 in Shields
  5015 | D:5      | Found a blossoming altar of Fedhas.
  5276 | D:5      | Noticed a steam dragon
  5281 | D:5      | Killed a steam dragon
  5282 | D:5      | Reached XP level 8. HP: 38/70 MP: 7/7
  5671 | D:5      | Reached skill level 1 in Stealth
  6373 | D:6      | Noticed Duvessa
  6373 | D:6      | Noticed Dowan
  6381 | D:6      | Killed Duvessa
  6381 | D:6      | Reached *** piety under Okawaru
  6390 | D:6      | Killed from afar by Dowan

Illustrated notes

Levels and vault maps discovered:
D:1:      dpeg_arrival_shelter, layout_rooms,
          dreamdust_ecumenical_altar_sealed_demon
D:2:      layout_loops_ring, chequers_mini_garden, minmay_liquid_box,
          kennysheep_generic_room_11
D:3:      layout_basic, mainiacjoe_overflow_concentric_impassable,
          gup_sewer_entry_bowl, st_stairs_6, uniq_jessica
D:4:      layout_cave_pools, uniq_ijyb
D:5:      layout_basic, amethyst_overflow_temple_binary, lemuel_crystal_altar,
          kennysheep_little_box, kennysheep_potato
D:6:      minmay_evil_eye, layout_rooms, uniq_duvessa

Skill      XL: |  1  2  3  4  5  6  7  8 |
---------------+-------------------------+-----
Armour         | 4 5 7 8 |  8.2
Fighting       | 4 5 6 |  6.2
Shields        | 4 5 |  5.8
Axes           | 3 4 5 6 7 8 |  8.7
Dodging        | 1 2 3 |  3.1
Stealth        | 1 |  1.5

Action                   |  1- 3 |  4- 6 |  7- 9 || total
-------------------------+-------+-------+-------++-------
Melee: War axe           |    70 |   122 |    79 ||   271
       Headbutt          |     8 |    22 |    26 ||    56
  Use: Potion            |     1 |     1 |     1 ||     3
       Scroll            |       |       |     5 ||     5
 Stab: Distracted        |       |       |     1 ||     1
Armor: Scale mail        |    35 |    35 |    23 ||    93
Dodge: Dodged            |    41 |    50 |    30 ||   121
Block: Buckler           |    15 |    26 |    19 ||    60
